 Dungeon Crawl Stone Soup version 0.31-a0-221-gbddc013574 (webtiles) character file.

Game seed: 6831850107415587241

35 qw the Shooter (level 3, -1/29 HPs)
             Began as a Minotaur Hexslinger on July 3, 2023.
             Slain by an iguana (13 damage)
             ... on level 1 of the Dungeon.
             The game lasted 00:00:20 (782 turns).

qw the Shooter (Minotaur Hexslinger)                 Turns: 782, Time: 00:00:20

Health: -1/29      AC:  2    Str: 12    XL:     3   Next: 17%
Magic:  3/3        EV: 12    Int: 10    God:
Gold:   24         SH:  0    Dex: 14    Spells: 3/4 levels left

rFire   . . .        Y - +1 sling
rCold   . . .        (no shield)
rNeg    . . .        h - +0 robe {Will+}
rPois   .            (helmet restricted)
rElec   .            (no cloak)
rCorr   .            (no gloves)
SInv    .            (no boots)
Will    +....        (no amulet)
Stlth   +            (no ring)
HPRegen 0.24/turn    (no ring)
MPRegen 0.08/turn

%: no passive effects
@: brilliant
A: horns 2, retaliatory headbutt
a: no special abilities


You were on level 1 of the Dungeon.
You visited 1 branch of the dungeon, and saw 2 of its levels.

You collected 24 gold pieces.


Innate Abilities, Weirdness & Mutations

You have a pair of horns on your head.
You reflexively headbutt those who attack you in melee.


   Skills:
 - Level 2.0 Fighting
 + Level 3.7 Ranged Weapons
 - Level 2.1 Dodging
 - Level 1.0 Spellcasting
 - Level 2.0 Hexes


You had 3 spell levels left.
You knew the following spells:

 Your Spells              Type           Power      Damage    Failure   Level
a - Slow                  Hex            24%        N/A       16%         1

Your spell library contained the following spells:

 Spells                   Type           Power      Damage    Failure   Level
 Inner Flame              Hex/Fire       3%         N/A       56%         3
 Portal Projectile        Hex/Tloc       6%         N/A       56%         3
 Cause Fear               Hex            3%         N/A       83%         4

Inventory:

Hand Weapons
 Y - a +1 sling (weapon)
Armour
 e - a +0 leather armour
 h - a +0 robe of willpower (worn)
Potions
 f - a potion of mutation {unknown}

Dungeon Overview and Level Annotations

Branches:
Dungeon (2/15)

Altars:


Message History

The sling bullet completely misses the iguana.
You shoot a sling bullet.
The sling bullet hits the iguana but does no damage.
You shoot a sling bullet.
The sling bullet closely misses the iguana.
You shoot a sling bullet. The sling bullet hits the iguana!
The iguana is heavily wounded.
You shoot a sling bullet.
The sling bullet barely misses the iguana.
The iguana barely misses you. You furiously retaliate!
You headbutt the iguana. You shoot a sling bullet.
The sling bullet closely misses the iguana.
The iguana closely misses you.
You shoot a sling bullet.
The sling bullet barely misses the iguana.
The iguana bites you but does no damage.
You shoot a sling bullet.
The sling bullet closely misses the iguana.
The iguana bites you!
777 ||| STAIRDANCE The iguana hisses menacingly.
The iguana closely misses you.
You climb upwards.
There is a stone staircase leading down here.
Enter note:
Enter note:
Enter note: You shoot a sling bullet.
The sling bullet hits the iguana.
The iguana is severely wounded.
The iguana bites you.
You shoot a sling bullet.
The sling bullet closely misses the iguana.
The iguana closely misses you. The iguana bites you.
You shoot a sling bullet.
The sling bullet closely misses the iguana.
The iguana bites you.
You shoot a sling bullet. The sling bullet hits the iguana.
The iguana is almost dead.
The iguana bites you!
You die...

#####.##### #.).....#
#...#.#...### ##.#.###.#
#.#.#.#.#.#.###.##.###.##
#)#.....#.##...##.#.#...#
#.#######.#...##.###.....
#..#.##.#..######.#.#...#
#..#...................##
#.......###.############
##.....l@...#
############


You could see an iguana.

Vanquished Creatures
  2 bats (D:1)
  3 endoplasms (D:1)
  A giant cockroach (D:1)
  2 goblins (D:1)
  3 hobgoblins (D:1)
  7 jackals (D:1)
  A quokka (D:1)
  A frilled lizard (D:1)
  5 kobolds (D:1)
  4 rats (D:1)
29 creatures vanquished.

Notes
Turn   | Place    | Note
-------+----------+-------------------------------------------
     0 | D:1      | qw the Minotaur Hexslinger began the quest for the Orb.
     0 | D:1      | Reached XP level 1. HP: 16/16 MP: 1/1
     0 | D:1      | 0 ||| qw: Version: 0.3-a-40-ge99b1a8
     0 | D:1      | 0 ||| qw: Game counter: 569
     0 | D:1      | 0 ||| qw: Melee chars always use a shield: true
     0 | D:1      | 0 ||| qw: God list: Okawaru
     0 | D:1      | 0 ||| qw: Allow faded altars: false
     0 | D:1      | 0 ||| qw: Do Orc after clearing Dungeon:15 true
     0 | D:1      | 0 ||| qw: Do second Lair branch before Depths: true
     0 | D:1      | 0 ||| qw: Lair rune preference: random
     0 | D:1      | 0 ||| qw: Goals: Normal
     0 | D:1      | 0 ||| PLANNING D:1-11
    70 | D:1      | HP: 4/16 [jackal (1)]
    72 | D:1      | Reached skill level 3 in Ranged Weapons
   140 | D:1      | Reached XP level 2. HP: 23/23 MP: 2/2
   313 | D:1      | Reached XP level 3. HP: 29/29 MP: 3/3
   716 | D:1      | 716 ||| UPGRADING to +0 leather armour.
   726 | D:1      | 726 ||| DROPPING +0 robe.
   727 | D:1      | 727 ||| UPGRADING to +0 robe of willpower.
   737 | D:1      | 737 ||| READING scroll labelled SARULUNIAJ.
   741 | D:1      | 741 ||| READING scroll labelled OCOHEOSKAROSK.
   742 | D:1      | 742 ||| DRINKING 2 bubbling black potions.
   743 | D:1      | 743 ||| DROPPING scroll of poison.
   744 | D:1      | 744 ||| DROPPING potion of brilliance.
   777 | D:2      | 777 ||| STAIRDANCE
   782 | D:1      | Slain by an iguana

Levels and vault maps discovered:
D:1:      amcnicky_arrival_flooded_fountain, layout_loops_ring,
          minmay_misc_feat_encased, minmay_misc_feat_ornament,
          minmay_misc_feat_enclosed
D:2:      layout_rooms

Skill      XL: |  1  2 |
---------------+-------+-----
Ranged Weapons | 3 |  3.7
Fighting       | 2 |  2.0
Dodging        | |  2.1
Spellcasting   | |  1.0
Hexes          | |  2.0

Action                     || total
---------------------------++-------
   Fire: Sling             ||    82
    Use: Scroll            ||     2
         Potion            ||     1
 Armour: Robe              ||     6
  Dodge: Dodged            ||    24

Table legend:
 A = Non-vault XP
 B = Vault XP
 C = Vault XP percentage of total XP
 D = Non-vault monster count
 E = Vault monster count
 F = Vault count percentage of total count
                 A         B        C        D         E       F
            +---------+---------+-------+---------+---------+-------
      Total |      51 |       0 |   0.0 |      29 |       0 |   0.0
            +---------+---------+-------+---------+---------+-------
        D:1 |      51 |       0 |   0.0 |      29 |       0 |   0.0
            +---------+---------+-------+---------+---------+-------
